 Dungeon Crawl Stone Soup version 0.17-a0-1793-gcbb3aa1 (webtiles) character file.

515 ololoev the Conjurer (level 7, 50/50 HPs)
             Began as a Mottled Draconian Conjurer on Sept 9, 2015.
             Was an Initiate of Vehumet.
             Quit the game on level 4 of the Dungeon.
             The game lasted 00:15:27 (4749 turns).

ololoev the Conjurer (Mottled Draconian Conjurer)   Turns: 4749, Time: 00:15:28

Health: 50/50      AC: 10    Str: 11    XL:     7   Next: 0%
Magic:  8/13       EV: 12    Int: 17    God:    Vehumet [......]
Gold:   216        SH:  0    Dex: 11    Spells: 2 memorised, 11 levels left

rFire  . . .     SeeInvis .     y - +6 hand axe of Income {chop, rElec rC+}
rCold  + . .     Clarity  .     (armour unavailable)
rNeg   . . .     SustAt   .     (no shield)
rPois  +         Gourm    .     (helmet restricted)
rElec  +         Spirit   .     k - +1 cloak {rPois}
rCorr  .         Warding  .     c - +0 pair of gloves
rMut   .         Stasis   .     d - +0 pair of boots
MR     .....                    (no amulet)
Stlth  ++........               (no ring)
                                (no ring)

@: not resistant to hostile enchantments, unstealthy
A: breathe sticky flame splash, unfitting armour, cold-blooded, AC +6
a: Breathe Sticky Flame, Renounce Religion


Innate Abilities, Weirdness & Mutations

You can spit globs of burning liquid.
You can ignite nearby creatures when you spit burning liquid.
Your weird mottled scales are hard (AC +6).
Your body does not fit into most forms of armour.
You are cold-blooded and may be slowed by cold attacks.

Inventory:

Hand weapons
 s - a +1 flail of protection
 y - the +6 hand axe of Income (weapon) {chop, rElec rC+}
   (You found it on level 4 of the Dungeon)

   It inflicts extra damage upon your enemies.
   It protects you from cold.
   It insulates you from electricity.
Armour
 c - a +0 pair of gloves (worn)
 d - a +0 pair of boots (worn)
 k - a +1 cloak of poison resistance (worn)
Scrolls
 h - a scroll of enchant weapon {unknown}
 j - 3 scrolls of remove curse
 o - a scroll of magic mapping {unknown}
 p - 2 scrolls of recharging {unknown}
 r - a scroll of teleportation {unknown}
 v - 2 scrolls of blinking {unknown}
 w - 3 scrolls of identify {unknown}
Potions
 e - 5 potions of brilliance {unknown}
 f - a potion of cure mutation {unknown}
 g - a potion of heal wounds {unknown}
 n - a potion of flight {unknown}
 q - a potion of poison {unknown}
 u - a potion of degeneration {unknown}
 x - a potion of cancellation {unknown}
Books
 a - a book of Conjurations

   Spells                             Type                      Level
   a - Magic Dart                     Conjuration                  1
   b - Searing Ray                    Conjuration                  2
   c - Dazzling Spray                 Conjuration/Hexes            3
   d - Fulminant Prism                Conjuration/Hexes            4
   e - Iskenderun's Mystic Blast      Conjuration                  4
   f - Iskenderun's Battlesphere      Conjuration/Charms           5
 t - a book of Ice

   Spells                             Type                      Level
   a - Ice Form                       Ice/Transmutation            4
   b - Metabolic Englaciation         Hexes/Ice                    5
   c - Ozocubu's Refrigeration        Ice                          6
   d - Bolt of Cold                   Conjuration/Ice              6
   e - Freezing Cloud                 Conjuration/Ice/Air          6
   f - Simulacrum                     Ice/Necromancy               6
Comestibles
 b - 4 bread rations
 i - 3 slices of pizza
 l - 2 fruits
 m - 2 beef jerkies
 z - a chunk of flesh


   Skills:
 - Level 1.7 Dodging
 - Level 1.7 Stealth
 + Level 4.1 Spellcasting
 * Level 7.4 Conjurations


You had 11 spell levels left.
You knew the following spells:

 Your Spells              Type           Power        Failure   Level  Hunger
a - Magic Dart            Conj           ####         1%          1    None
b - Searing Ray           Conj           ####..       1%          2    ##.....


You were on level 4 of the Dungeon.
You worshipped Vehumet.
Vehumet was noncommittal.
You were not hungry.

You visited 2 branches of the dungeon, and saw 5 of its levels.

You collected 216 gold pieces.

.<...# #.# .....# #.#
.....####.###
...####.....#
...####.#.#.######
#..^.............#
#.#####.#.#.####.# #.#
#.....####.####### #.#
###.#.....@......#
#.#######.#.####.#####.#
..#......(#.####.#
###..............# #
#.......#.###### #
###.###.#.# # #.###.#.##
# #........# #
#####.#..########

Notes
Turn   | Place    | Note
--------------------------------------------------------------
     0 | D:1      | ololoev the Draconian Conjurer began the quest for the Orb.
     0 | D:1      | Reached XP level 1. HP: 14/14 MP: 3/3
   772 | D:1      | Reached XP level 2. HP: 20/20 MP: 0/5
   776 | D:1      | Learned a level 2 spell: Searing Ray
  1426 | D:2      | Reached XP level 3. HP: 26/26 MP: 2/6
  1511 | D:2      | Noticed Sigmund
  1705 | D:2      | Reached skill level 5 in Conjurations
  1802 | D:2      | Found a shimmering altar of Xom.
  2267 | D:3      | Reached XP level 4. HP: 33/33 MP: 4/7
  2810 | D:3      | Noticed an orc warrior
  3061 | D:3      | Noticed Crazy Yiuf
  3071 | D:3      | Killed Crazy Yiuf
  3071 | D:3      | Reached XP level 5. HP: 38/38 MP: 4/9
  3312 | D:3      | Reached skill level 6 in Conjurations
  3916 | D:4      | Found a bloodstained altar of Trog.
  4139 | D:4      | Got a warped hand axe
  4140 | D:4      | Identified the +6 hand axe of Income {chop, rElec rC+} (You found it on level 4 of the Dungeon)
  4210 | D:4      | Reached XP level 6. HP: 45/45 MP: 4/11
  4296 | D:4      | Found a staircase to the Ecumenical Temple.
  4297 | D:4      | Noticed Grinder
  4320 | D:4      | Killed Grinder
  4320 | D:4      | Reached skill level 7 in Conjurations
  4425 | Temple   | Entered the Ecumenical Temple
  4471 | Temple   | Became a worshipper of Vehumet
  4748 | D:4      | Your scales start taking on a weird mottled colour.
  4748 | D:4      | Reached XP level 7. HP: 50/50 MP: 9/13
  4749 | D:4      | Quit the game

Dungeon Overview and Level Annotations

Branches:
Dungeon (4/15)             Temple (1/1) D:4

Altars:
Ashenzari
Cheibriados
Dithmenos
Elyvilon
Makhleb
Nemelex Xobeh
Okawaru
Qazlal
Ru
Sif Muna
Trog
Vehumet
Xom
Yredelemnul
Zin

Annotations:
D:2 Sigmund


Message History

Vehumet accepts your kill.
The searing ray hits the orc.
You kill the orc!
Vehumet accepts your kill.
An orc comes into view. It is wielding a flail.
Casting: Searing Ray
Confirm with . or Enter, or press ? or * to list all spells.
Aiming: Magic Dart
Press: ? - help, Shift-Dir - straight line, f - orc
Aim: an orc, wielding a flail (hasn't noticed you)
The magic dart hits the orc.
You kill the orc!
Vehumet accepts your kill.
Casting: Magic Dart
Confirm with . or Enter, or press ? or * to list all spells.
You can't see any susceptible monsters within range! (Use Z to cast anyway.) Unknown command.
You start resting.
HP restored.
You start resting.
Magic restored.
Things that are here:
a hand axe; a leather armour You see here a flail.
You see here a flail.
There is a shaft here.
An adder skeleton comes into view.
Casting: Magic Dart
Confirm with . or Enter, or press ? or * to list all spells.
Aiming: Searing Ray
Press: ? - help, Shift-Dir - straight line, f - adder skeleton
Aim: an adder skeleton The searing ray hits the adder skeleton.
The searing ray misses the adder skeleton.
The searing ray hits the adder skeleton.
You destroy the adder skeleton!
Vehumet accepts your kill.
You have reached level 7!
Your scales start taking on a weird mottled colour.
Are you sure you want to abandon this character and quit the game? (Confirm with "yes".)

There were no monsters in sight!

Vanquished Creatures
  Grinder (D:4)
  2 scorpions (D:4)
  Crazy Yiuf (D:3)
  An orc wizard (D:3)
  3 gnolls (D:3)
  4 adders
  An ooze (D:4)
  An adder skeleton (D:4)
  4 worms
  8 orcs
  A ball python (D:4)
  14 bats
  5 giant cockroaches
  5 goblins
  6 hobgoblins
  7 kobolds
  2 quokkas
  3 giant geckos
  A giant newt (D:2)
  10 rats
80 creatures vanquished.

Action                   |  1- 3 |  4- 6 |  7- 9 || total
-------------------------+-------+-------+-------++-------
Melee: Short sword       |   122 |    57 |       ||   179
       Flail             |       |    44 |       ||    44
       Hand axe          |       |    15 |       ||    15
 Cast: Magic Dart        |    33 |    18 |       ||    51
       Searing Ray       |     7 |    16 |       ||    23
  Use: Scroll            |       |     3 |       ||     3
 Stab: Sleeping          |       |     4 |       ||     4
  Eat: Chunk             |     5 |     7 |       ||    12
       Fruit             |       |     2 |       ||     2

Vault maps used:
D:1:      lightli_arrival_maybe_door_vault
D:2:      xom_teletrap_fun, uniq_sigmund
D:3:      first_bread, kennysheep_cross_bottleneck, fedhas_altar_2,
          uniq_crazy_yiuf_cottage
D:4:      kennysheep_mini_moat, minmay_temple_entry_nine_rooms,
          hangedman_decor_opposing, uniq_grinder
Temple:   circular_temple_13
